Map: Nightshade LE

Players

ALLMIGHT - Winner!

  • Race: Zerg Zerg
  • League: Grandmaster
  • Spawn Location: 11:00

IIIIIIIIIIII

  • Race: Zerg Zerg
  • League: Master
  • Spawn Location: 5:00

VOD

Have the link to the VOD?

Description

Time

  • Played on: March 22, 2020, 9:11 p.m.
  • Length: 12:04
Show
View Real Time Build Order
Export as new Build Order

ALLMIGHT Zerg - Winner!

Build Orders: Hatch First 

Get SALT Encoding   

  12  0:01  Drone  
  13  0:14  Overlord  
  13  0:17  Drone  
  14  0:32  Drone x2  
  16  0:48  Hatchery  
  15  0:51  Drone  
  15  0:55  Drone  
  17  0:58  Drone  
  18  1:09  Extractor  
  17  1:15  Spawning Pool  
  17  1:16  Drone  
  17  1:20  Drone  
  18  1:29  Drone  
  19  1:42  Overlord  
  19  2:01  Queen x2  
  19  2:03  Zergling x6  
  26  2:10  Metabolic Boost  
  26  2:19  Drone x2  
  28  2:24  Drone x2  
  30  2:32  Baneling Nest, Drone  
  29  2:44  Zergling x4  
  30  2:58  Zergling x6  
  32  3:05  Zergling x2  
  27  3:07  Zergling x2  
  27  3:11  Zergling x12  
  28  3:20  Zergling x4  
  25  3:34  Zergling x4  
  25  3:38  Baneling  
  25  3:39  Baneling  
  25  3:40  Drone  
  28  3:43  Baneling  
  28  3:47  Zergling x2  
  29  3:53  Zergling x4  
  27  4:05  Zergling x4  
  24  4:11  Baneling x2  
  24  4:16  Zergling x4  
  23  4:20  Queen  
  25  4:30  Zergling x4  
  27  4:37  Zergling x4  
  26  4:44  Zergling x2  
  24  4:47  Queen  
  24  4:48  Zergling x2  
  27  4:58  Queen  
  27  5:06  Zergling x4  
  27  5:10  Zergling x2  
  27  5:13  Zergling x2  
  25  5:17  Zergling x2  
  25  5:26  Zergling x2  
  24  5:32  Zergling x2  
  23  5:38  Baneling  
  22  5:44  Zergling x2  
  23  5:50  Baneling  
  23  5:53  Zergling x6  
  23  5:59  Zergling x2  
  23  6:01  Zergling x2  
  21  6:08  Zergling x4  
  23  6:12  Zergling x2  
  23  6:18  Zergling x4  
  26  6:25  Drone x2  
  26  6:34  Zergling x4  
  26  6:39  Zergling x4  
  29  6:44  Zergling x2  
  29  6:46  Baneling  
  30  6:48  Baneling  
  30  6:50  Drone  
  31  6:55  Zergling x2  
  31  6:57  Drone  
  31  7:00  Drone  
  29  7:11  Drone x2  
  29  7:15  Drone  
  32  7:20  Queen  
  33  7:31  Baneling x3  
  33  7:35  Baneling  
  28  7:37  Zergling x8  
  32  7:45  Zergling x4  
  32  7:50  Spine Crawler  
  29  8:03  Baneling  
  28  8:07  Zergling x2  
  28  8:09  Overlord x2  
  28  8:10  Baneling x2  
  28  8:25  Baneling  
  28  8:27  Queen  
  27  8:29  Zergling x6  
  32  8:37  Zergling x6  
  31  8:57  Zergling x8  
  35  9:03  Drone  
  32  9:16  Zergling x4  
  34  9:20  Zergling x4  
  30  9:28  Queen  
  31  9:33  Zergling x4  
  31  9:36  Baneling x2  
  33  9:46  Zergling x6  
  33  9:52  Baneling x2  
  32  9:54  Drone x3  
  35  10:01  Drone  
  35  10:02  Drone  
  35  10:13  Zergling x2  
  35  10:21  Zergling x2  
  33  10:36  Zergling x4  
  33  10:37  Overlord  
  33  10:38  Overlord  
  34  10:44  Zergling x6  
  34  10:48  Baneling x2  
  36  10:52  Hatchery  
  36  10:54  Overlord  
  35  10:57  Baneling  
  36  11:11  Zergling x16  
  42  11:20  Queen  
  41  11:36  Zergling x10  
  44  11:44  Baneling x3  
  43  11:47  Zergling x4  
Show
View Real Time Build Order
Export as new Build Order

IIIIIIIIIIII Zerg 

Build Orders: Pool First 

Get SALT Encoding   

  12  0:00  Drone  
  13  0:14  Extractor  
  12  0:24  Spawning Pool  
  11  0:30  Drone  
  11  0:33  Drone  
  13  0:38  Drone  
  14  0:49  Overlord  
  14  1:07  Drone  
  14  1:10  Queen  
  17  1:17  Metabolic Boost  
  17  1:26  Zergling x2  
  17  1:29  Overlord  
  18  1:38  Zergling x2  
  19  1:56  Hatchery, Zergling x2  
  19  2:00  Zergling x2  
  20  2:03  Zergling x2  
  21  2:10  Zergling x2  
  22  2:18  Zergling x6  
  25  2:23  Zergling x2  
  26  2:33  Zergling x2  
  27  2:50  Zergling x2  
  24  3:10  Zergling x10  
  28  3:14  Baneling Nest  
  28  3:19  Zergling x4  
  25  3:38  Queen, Zergling x6  
  29  3:57  Zergling x8  
  29  4:16  Zergling x8  
  28  4:20  Baneling x3  
  28  4:21  Baneling  
  24  4:39  Baneling  
  24  4:45  Zergling x8  
  27  4:49  Zergling x2  
  27  4:50  Baneling  
  27  4:55  Zergling x2  
  27  5:13  Baneling, Zergling x6  
  29  5:15  Baneling x2  
  24  5:38  Baneling x2  
  24  5:39  Zergling x8  
  23  6:00  Zergling x8  
  25  6:09  Zergling x4  
  25  6:11  Baneling  
  27  6:18  Zergling x2  
  25  6:35  Zergling x6  
  22  6:49  Drone x2  
  22  6:50  Drone x2  
  22  6:53  Baneling x2  
  23  7:02  Zergling x4  
  25  7:13  Baneling x2  
  24  7:34  Zergling x8  
  24  7:35  Zergling x2  
  26  7:40  Zergling x2  
  24  8:08  Drone x3  
  23  8:14  Baneling  
  23  8:29  Baneling  
  21  8:37  Baneling x2  
  21  8:42  Drone x2  
  21  8:43  Drone  
  23  8:57  Zergling x6  
  21  9:03  Zergling x2  
  21  9:04  Zergling x2  
  21  9:08  Baneling  
  22  9:10  Zergling x2  
  19  9:26  Baneling x2  
  19  9:27  Zergling x6  
  22  9:33  Baneling x2  
  22  9:35  Zergling x2  
  22  9:45  Zergling x2  
  22  9:46  Zergling x2  
  22  9:51  Zergling x2  
  22  9:55  Drone  
  22  9:58  Drone  
  22  10:11  Zergling x6  
  24  10:18  Baneling x2  
  22  10:24  Zergling x4  
  22  10:28  Baneling  
  18  10:38  Drone x2  
  18  10:45  Baneling x3  
  18  10:48  Drone  
  18  10:53  Zergling x2  
  19  11:05  Zergling x4  
  19  11:08  Zergling x4  
  21  11:24  Baneling  
  20  11:29  Baneling x2  
Tags
 
Add a new tag
Caveats
  • Supply blocks, unpowered buildings, or Contaminate may cause inaccurate times.
  • Supply counts are checked every 10 seconds.